 Dungeon Crawl Stone Soup version 0.31.0-11-ge490571c62 (webtiles) character file.

Game seed: 8543811965734013317

187 Flugkiller the Chiller (level 5, -1/24 HPs)
             Began as a Vine Stalker Ice Elementalist on Feb 3, 2024.
             Slain by a gnoll sergeant
             ... wielding a +5 spear
              (4 damage)
             ... on level 6 of the Dungeon.
             The game lasted 00:02:02 (569 turns).

Flugkiller the Chiller (VSIE)                        Turns: 569, Time: 00:02:03

Health: -1/24      AC:  7    Str: 10    XL:     5   Next: 66%
Magic:  0/12       EV: 11    Int: 17    God:
Gold:   61         SH:  0    Dex: 15    Spells: 8/12 levels left

rFire   . . .        d - +0 dagger
rCold   . . .        (no shield)
rNeg    . . .        h - +3 leather armour
rPois   .            (no helmet)
rElec   .            o - +0 cloak
rCorr   .            (no gloves)
SInv    .            (no boots)
Will    .....        (no amulet)
Stlth   ++           (no ring)
HPRegen 1.04/turn    (no ring)
MPRegen 0.13/turn

%: guardian spirit
@: freezing walls
A: fangs 2, regeneration 1, magic shield, antimagic bite, no potion heal 2
a: no special abilities


You were on level 6 of the Dungeon.
You visited 1 branch of the dungeon, and saw 6 of its levels.

You collected 61 gold pieces.

Inventory:

Hand Weapons
 d - a +0 dagger (weapon)
   (You took it off a kobold on level 1 of the Dungeon)
Missiles
 l - 7 poisoned darts
Armour
 a - a +0 robe
 h - a +3 leather armour (worn)
   (You found it on level 3 of the Dungeon)
 o - a +0 cloak (worn)
   (You found it on level 5 of the Dungeon)
Wands
 p - a wand of roots (8)
   (You found it on level 5 of the Dungeon)
Scrolls
 c - a scroll of revelation {unknown}
 e - a scroll of teleportation {unknown}
 f - 4 scrolls of noise {unknown}
 g - a scroll of fog {unknown}
 i - a scroll of identify {unknown}
 k - a scroll of butterflies {unknown}
 m - a scroll of blinking {unknown}
 n - a scroll of fear {unknown}
Potions
 j - a potion of invisibility {unknown}


   Skills:
 - Level 1.5 Dodging
 - Level 2.4 Stealth
 + Level 4.3 Spellcasting
 + Level 5.5 Ice Magic


You had 8 spell levels left.
You knew the following spells:

 Your Spells              Type           Power      Damage    Failure   Level
a - Freeze                Ice            88%        1d9       2%          1
b - Frozen Ramparts       Ice            44%        1d7       6%          3

Your spell library contained the following spells:

 Spells                   Type           Power      Damage    Failure   Level
 Ozocubu's Armour         Ice            22%        N/A       6%          3
 Summon Ice Beast         Ice/Summ       13%        N/A       21%         3


Dungeon Overview and Level Annotations

Branches:
Dungeon (6/15) Zot: 26970
 Temple: D:4-7

Altars:


Innate Abilities, Weirdness & Mutations

You have extremely sharp teeth.
Your natural rate of healing is unusually fast.
When hurt, damage is shared between your health and your magic reserves.
Your bite disrupts and absorbs the magic of your enemies.
Potions cannot restore your health.


Message History

2 gnolls come into view.
Found a hand axe.
The gnoll shouts! x2; You hear a shout!
A gnoll and 2 gnoll sergeants come into view.
Found 3 gold pieces and a hand axe.
The gnoll sergeant shouts!
Casting: Freeze (safe; 2% risk of failure)
Confirm with . or Enter, or press ? or * to list all spells.
The walls around you are covered in ice.
The wall freezes the gnoll.
Unknown command.
The wall freezes the gnoll but does no damage.
The wall freezes the gnoll.
The gnoll hits you with a +0 whip.
You hit the gnoll but do no damage. You bite the gnoll. You drain its power.
You feel invigorated.
The gnoll is almost dead.
The wall freezes the gnoll.
The wall freezes the gnoll but does no damage.
The gnoll closely misses you.
The wall freezes the gnoll sergeant.
Unknown command.
You completely miss the gnoll. You bite the gnoll, but do no damage.
The gnoll is almost dead.
The wall freezes the gnoll. x2
You kill the gnoll!
The wall freezes the gnoll sergeant but does no damage.
Unknown command.
The wall freezes the gnoll.
The wall freezes the gnoll sergeant.
The wall freezes the gnoll sergeant but does no damage.
You hit the gnoll.
The gnoll is severely wounded.
The wall freezes the gnoll but does no damage.
The gnoll barely misses you.
The wall freezes the gnoll sergeant but does no damage.
The gnoll sergeant hits you from afar with a +5 spear!
The wall freezes the gnoll sergeant.
The wall freezes the gnoll but does no damage.
Aiming: Fastroot
Press: ? - help, Shift-Dir - straight line, f - gnoll
Aim: a gnoll, wielding a +0 flail (severely wounded)
Your target is gone.
The roots erupt in riotous growth!
Roots grab the gnoll.
Roots grab the gnoll sergeant.
The grasping roots constrict the gnoll.
You kill the gnoll!
The grasping roots constrict the gnoll sergeant.
You hear a shout!
The wall freezes the gnoll sergeant but does no damage.
The gnoll sergeant barely misses you.
An adder comes into view.
The wall freezes the gnoll sergeant but does no damage.
The frozen ramparts melt away as you move.
The grasping roots constrict the gnoll sergeant.
The adder hisses angrily.
The roots release their grip on the gnoll sergeant.
The gnoll sergeant attacks as it pursues you!
The gnoll sergeant hits you from afar with a +5 spear.
Aiming: Fastroot
Press: ? - help, Shift-Dir - straight line, f - gnoll sergeant
Aim: a gnoll sergeant, wielding a +5 spear, wearing a +0 scale mail and wearing a +0 buckler (heavily wounded)
The roots erupt in riotous growth!
Roots grab the gnoll sergeant. x2
The grasping roots constrict the gnoll sergeant, but do no damage. x2
The gnoll sergeant hits you from afar with a +5 spear!
The adder bites you but does no damage.
Unknown command.
Casting: Frozen Ramparts (quite dangerous; 7% risk of failure)
Confirm with . or Enter, or press ? or * to list all spells.
The walls around you are covered in ice.
The grasping roots constrict the gnoll sergeant. x2
The roots release their grip on the gnoll sergeant.
The wall freezes the gnoll sergeant.
The gnoll sergeant hits you from afar with a +5 spear!
* * * LOW HITPOINT WARNING * * *
The wall freezes the adder!
The adder seems to slow down.
The adder misses you.
The wall freezes the gnoll sergeant but does no damage.
Unknown command.
You hit the adder. You bite the adder.
You kill the adder!
The grasping roots constrict the gnoll sergeant.
The roots release their grip on the gnoll sergeant.
The wall freezes the gnoll sergeant but does no damage.
The gnoll sergeant hits you from afar with a +5 spear.
* * * LOW HITPOINT WARNING * * *
The wall freezes the gnoll sergeant.
Unknown command.
Magic courses through your body.
The wall freezes the gnoll sergeant but does no damage.
The gnoll sergeant hits you from afar with a +5 spear!
* * * LOW HITPOINT WARNING * * *
The wall freezes the gnoll sergeant but does no damage.
Unknown command.
Aiming: Fastroot
Press: ? - help, Shift-Dir - straight line, f/p - gnoll sergeant
Aim: a gnoll sergeant, wielding a +5 spear, wearing a +0 scale mail and wearing a +0 buckler (severely wounded)
The roots erupt in riotous growth!
Roots grab the gnoll sergeant. x2
The grasping roots constrict the gnoll sergeant. x2
The wall freezes the gnoll sergeant but does no damage.
The gnoll sergeant hits you from afar with a +5 spear!
You die...

#..#.# #..#.#
#..#.# #..#.#
#..#.# #....# #
###.#<##
#.#...)..########
#.......ggg.@...#
#........######.#
.................#
.##.......##.#####
#......##♣g♣
#.......# ♣.♣
#..#.####


gg. #.... ♣.g.♣ #.... ..g.. You could see 2 gnoll sergeants and a gnoll.

Vanquished Creatures
  A scorpion (D:5)
  A hound (D:5)
  A sleepcap (D:5)
  3 gnolls
  3 adders
  2 orcs (D:5)
  A giant cockroach (D:2)
  2 goblins
  A hobgoblin (D:3)
  A quokka (D:5)
  A bat (D:2)
  A frilled lizard (D:1)
  A kobold (D:1)
19 creatures vanquished.

Notes
Turn   | Place    | Note
-------+----------+-------------------------------------------
     0 | D:1      | Flugkiller the Vine Stalker Ice Elementalist began the
                  | quest for the Orb.
     0 | D:1      | Reached XP level 1. HP: 9/9 MP: 4/4
   232 | D:4      | Identified the +0 spear "Headiosk" {venom, Dex+2}
   249 | D:4      | Reached XP level 2. HP: 13/13 MP: 1/6
   383 | D:5      | Entered Level 5 of the Dungeon
   412 | D:5      | Reached XP level 3. HP: 8/16 MP: 0/8
   429 | D:5      | Learned a level 3 spell: Frozen Ramparts
   434 | D:5      | Noticed a scorpion
   451 | D:5      | Killed a scorpion
   452 | D:5      | Reached skill level 5 in Ice Magic
   452 | D:5      | Reached XP level 4. HP: 18/21 MP: 2/10
   497 | D:5      | Reached XP level 5. HP: 24/24 MP: 3/11
   569 | D:6      | Slain by a gnoll sergeant

Illustrated notes

Levels and vault maps discovered:
D:1:      amcnicky_arrival_double_pillar, layout_loops_ring, serial_rivers,
          chequers_serial_rivers_large_b, chequers_serial_rivers_small_3,
          chequers_serial_rivers_micro_a, chequers_serial_rivers_large_a
D:2:      layout_loops_cross, minmay_fractal_squares_5
D:3:      layout_basic, hellmonk_okawaru_the_only_friend_you_need,
          serial_bayou_pond_a
D:4:      layout_rooms, mainiacjoe_overflow_swirl,
          gammafunk_ghost_gnarly_gnolls, minmay_misc_feat_rows,
          nicolae_elevator_lobby_asterisk
D:5:      layout_basic, kennysheep_generic_room_7
D:6:      layout_basic, minmay_temple_entry_arrows, pf_guarded_unrand_woodcutter

Skill      XL: |  1  2  3  4  5 |
---------------+----------------+-----
Spellcasting   | 3 4 |  4.3
Ice Magic      | 5 |  5.5
Dodging        | |  1.5
Stealth        | |  2.4

Action                     |  1- 3 |  4- 6 || total
---------------------------+-------+-------++-------
  Melee: Dagger            |    22 |    10 ||    32
         Bite              |    10 |     6 ||    16
         Unarmed           |     3 |       ||     3
   Cast: Freeze            |    18 |     8 ||    26
         Frozen Ramparts   |     1 |     3 ||     4
  Evoke: Wand              |       |     3 ||     3
    Use: Potion            |     1 |     1 ||     2
 Armour: Robe              |     6 |       ||     6
         Leather armour    |    32 |    17 ||    49
  Dodge: Dodged            |    30 |    14 ||    44
